 Dungeon Crawl Stone Soup version 0.30-a0-758-gc2c871d025 (webtiles) character file.

Game seed: 18258149552062180388

151 DEFE the Cutter (level 5, -3/38 HPs)
             Began as a Djinni Wanderer on Feb 10, 2023.
             Slain by a river rat (8 damage)
             ... in a sewer.
             The game lasted 00:02:17 (2132 turns).

DEFE the Cutter (Djinni Wanderer)                   Turns: 2132, Time: 00:02:19

Health: -3/38      AC:  3    Str: 10    XL:     5   Next: 60%
Gold:   51         EV: 11    Int: 17    God:
                   SH:  0    Dex: 12

rFire   + + .      SeeInvis .    a - +1 rapier
rCold   x . .      Faith    .    (no shield)
rNeg    + . .      Spirit   .    c - +0 robe
rPois   ∞          Reflect  .    (no helmet)
rElec   .          Harm     .    e - +0 cloak
rCorr   .          Rampage  .    (no gloves)
Will    .....                    (boots unavailable)
Stlth   +                        (no amulet)
HPRegen 0.26/turn                d - ring of positive energy
MPRegen 0.00/turn                (no ring)

@: flying
A: sickness immunity, fire resistance 2, cold vulnerability 1, float, innate
caster, HP casting, extra vitality 1
a: no special abilities


You were in a sewer.
You visited 1 branch of the dungeon, and saw 3 of its levels.
You also visited: Sewer.

You collected 73 gold pieces.
You spent 22 gold pieces at shops.

Inventory:

Hand Weapons
 a - a +1 rapier (weapon)
Armour
 c - a +0 robe (worn)
 e - a +0 cloak (worn)
Jewellery
 d - a ring of positive energy (left hand)
Scrolls
 b - a scroll of blinking
 g - a scroll of teleportation
 j - a scroll of immolation {unknown}
 m - a scroll of enchant armour {unknown}
 n - a scroll of noise {unknown}
 p - a scroll of fear {unknown}
Potions
 f - 2 potions of attraction {unknown}
 h - a potion of mutation
 i - a potion of lignification {unknown}
 k - a potion of cancellation {unknown}
 l - a potion of heal wounds {unknown}
 o - a potion of brilliance {unknown}


   Skills:
 - Level 2.0 Fighting
 + Level 5.3 Short Blades
 - Level 1.0 Armour
 - Level 1.5 Spellcasting
 - Level 2.0 Evocations


You couldn't memorise any spells.
You knew the following spells:

 Your Spells              Type           Power      Damage    Failure   Level
a - Teleport Other        Tloc           6%         N/A       32%         3
b - Apportation           Tloc           12%        N/A       11%         1
c - Magic Dart            Conj           24%        1d4       11%         1
d - Passwall              Tmut/Erth      5%         N/A       16%         2

Your spell library contained the following spells:

 Spells                   Type           Power      Damage    Failure   Level


Dungeon Overview and Level Annotations

Branches:
Dungeon (3/15)              Sewer (1/1)

Altars:
Wu Jian

Shops:
D:1 *


Innate Abilities, Weirdness & Mutations

You are immune to sickness and miasma.
You are immune to poison.
Your flesh is very heat resistant. (rF++)
You are vulnerable to cold. (rC-)
You float through the air rather than walking.
You learn spells naturally, not from books.
Your magical power is your life essence.
You have superior vitality. (+4 MHP)


Message History

You are too injured to fight recklessly!
You are too injured to fight recklessly!
You are too injured to fight recklessly!
You are too injured to fight recklessly!
You are too injured to fight recklessly!
You are too injured to fight recklessly!
You closely miss the frilled lizard. The frilled lizard bites you.
You take 3 damage, and have 14/38 hp.
You hit the frilled lizard.
You kill the frilled lizard!
You hit the river rat. The river rat barely misses you.
You hit the river rat but do no damage. The river rat bites you.
You take 2 damage, and have 12/38 hp.
You hit the river rat but do no damage. The river rat closely misses you.
You closely miss the river rat. The river rat closely misses you.
You barely miss the river rat.
The river rat bites you but does no damage.
You hit the river rat but do no damage.
The river rat bites you but does no damage.
You hit the river rat. The river rat bites you.
* * * LOW HITPOINT WARNING * * *
You take 6 damage, and have 7/38 hp.
You hit the river rat but do no damage. The river rat bites you.
* * * LOW HITPOINT WARNING * * *
You take 2 damage, and have 5/38 hp.
You barely miss the river rat.
Unknown command.
You hit the river rat but do no damage. The river rat closely misses you.
Unknown command.
You closely miss the river rat. The river rat bites you.
* * * LOW HITPOINT WARNING * * *
You take 2 damage, and have 4/38 hp.
Unknown command.
Unknown command.
You hit the river rat. The river rat barely misses you.
Unknown command.
You hit the river rat but do no damage. The river rat barely misses you.
Unknown command.
You barely miss the river rat. The river rat bites you!
You die...

### ###### #
########≈####≈##≈###
#.##..≈≈≈≈#≈#≈≈≈≈≈≈≈≈≈#####
.~..~~~≈≈≈≈≈≈≈≈≈≈≈≈≈≈≈≈≈#≈#
~.~~~..≈≈≈≈≈≈≈≈≈≈≈≈≈≈≈≈≈≈≈###
.P~?~~.h≈≈≈≈≈≈r≈.~~~.≈≈≈≈≈≈≈#
P.~.~..##########r.~~~≈≈≈≈≈≈#
.~..P.P~ ~~~~~~~@P.∩~~≈≈≈≈≈≈##
..~....##########†~..~≈≈≈≈≈≈≈#
~..#~#P. ≈≈≈~.~~.≈≈≈≈≈≈≈##
.~.#~#P≈ #≈≈≈≈≈≈≈≈≈≈≈≈≈≈# ≈≈
#~#≈≈ #≈≈≈≈≈≈≈≈≈≈≈≈≈≈# ≈
#~#≈≈≈ #≈≈≈≈≈≈≈≈≈≈≈≈≈≈##
#≈≈≈≈≈≈≈≈≈≈≈≈≈≈≈# ≈≈
#≈#≈≈≈≈≈≈≈≈≈≈≈≈≈≈≈# ≈≈≈
#≈#≈≈≈≈≈≈≈≈≈≈≈≈≈≈≈#


You could see a river rat.

Vanquished Creatures
  9 adders
  2 river rats (Sewer)
  A dart slug (D:2)
  An orc (D:2)
  4 ball pythons
  5 bats
  2 endoplasms (D:1)
  4 giant cockroaches
  3 goblins
  5 hobgoblins
  3 jackals
  6 frilled lizards
  6 kobolds
  6 rats
57 creatures vanquished.

Vanquished Creatures (others)
  4 plants (Sewer)
4 creatures vanquished.

Grand Total: 61 creatures vanquished

Notes
Turn   | Place    | Note
-------+----------+-------------------------------------------
     0 | D:1      | DEFE the Djinni Wanderer began the quest for the Orb.
     0 | D:1      | DEFE set off with the following items: a +1 rapier, a
                  | scroll of blinking, a +0 robethe following spells
                  | memorised: Teleport Other, Apportation.
     0 | D:1      | Reached XP level 1. HP: 18/18 MP: 0/0
    69 | D:1      | Reached skill level 3 in Short Blades
   100 | D:1      | Reached XP level 2. HP: 13/23 MP: 0/0
   457 | D:1      | Found Ryxurica's General Store.
   464 | D:1      | Bought a scroll of identify for 22 gold pieces
   739 | D:2      | Reached XP level 3. HP: 28/28 MP: 0/0
   739 | D:2      | Learned a level 1 spell: Magic Dart
   745 | D:2      | Found a faded altar of an unknown god.
  1027 | D:2      | Found an ornate altar of the Wu Jian Council.
  1393 | D:2      | Reached skill level 4 in Short Blades
  1602 | D:3      | Found a glowing drain.
  1654 | D:3      | Reached XP level 4. HP: 28/33 MP: 0/0
  1734 | Sewer    | Entered a sewer
  1806 | Sewer    | Reached XP level 5. HP: 38/38 MP: 0/0
  1806 | Sewer    | Learned a level 2 spell: Passwall
  1918 | Sewer    | Reached skill level 5 in Short Blades
  2132 | Sewer    | Slain by a river rat

Illustrated notes

Levels and vault maps discovered:
D:1:      grunt_arrival_lava_bath, layout_loops_cross, serial_shops, shop,
          chequers_serial_rivers_marsh
D:2:      layout_basic, ebering_ecumenical_altar_petrified, basic_altar
D:3:      layout_basic, nicolae_uskayaw_en_pointe, gup_sewer_entry_glass
Sewer:    sewer_co_scattered_pipes

Skill      XL: |  1  2  3  4  5 |
---------------+----------------+-----
Short Blades   | 3 4 5 |  5.3
Fighting       | |  2.0
Armour         | |  1.0
Spellcasting   | |  1.5
Evocations     | |  2.0

Action                     |  1- 3 |  4- 6 || total
---------------------------+-------+-------++-------
  Melee: Rapier            |   118 |   109 ||   227
         Punch             |       |     2 ||     2
    Use: Scroll            |     2 |     1 ||     3
   Stab: Sleeping          |     2 |       ||     2
 Armour: Robe              |    47 |    25 ||    72
  Dodge: Dodged            |    85 |    75 ||   160

Table legend: (Time is in decaauts)
 A = Elapsed time spent in this place.
 B = Non-inter-level travel time spent in this place.
 C = Inter-level travel time spent in this place.
 D = Time resting spent in this place.
 E = Time spent auto-exploring this place.
 F = Levels seen in this place.
 G = Mean time per level.
                   A        B        C        D        E       F      G
               +--------+--------+--------+--------+--------+-----+--------+
         Total |   2129 |   2101 |     28 |    195 |   1407 |   4 |  532.2 |
       Dungeon |   1736 |   1708 |     28 |     89 |   1257 |   3 |  578.7 |
         Sewer |    393 |    393 |      0 |    106 |    150 |   1 |  393.0 |
               +--------+--------+--------+--------+--------+-----+--------+

Top non-repeatable levels by time:
     D:2: 864 daAuts
     D:1: 724 daAuts
   Sewer: 393 daAuts
     D:3: 147 daAuts
